 Dungeon Crawl Stone Soup version 0.23.0 (webtiles) character file.

Game seed: 10659659011233953254

2560 tidbits the Insei (level 9, -3/81 HPs)
             Began as a Gnoll Transmuter on Feb 14, 2019.
             Was a Follower of Cheibriados.
             Slain by a killer bee (8 damage)
             ... on level 8 of the Dungeon.
             The game lasted 00:18:49 (1867 turns).

tidbits the Insei (Gnoll Transmuter)                Turns: 1867, Time: 00:18:50

Health: -3/81      AC:  6    Str: 14    XL:     9   Next: 56%
Magic:  14/19      EV: 19    Int: 22    God:    Cheibriados [*.....]
Gold:   197        SH:  0    Dex: 17    Spells: 11/21 levels left

rFire    x . .     SeeInvis .     - Unarmed
rCold    + + +     Gourm    .   (shield currently unavailable)
rNeg     . . .     Faith    .   (armour currently unavailable)
rPois    +         Spirit   .   (helmet currently unavailable)
rElec    .         Reflect  .   (cloak currently unavailable)
rCorr    +         Harm     .   (gloves currently unavailable)
MR       .....                  (boots currently unavailable)
Stlth    +++.......             m - amulet of the acrobat
HPRegen  0.23/turn              V - +5 ring of evasion (curse)
MPRegen  0.16/turn              K - ring of resist corrosion

@: ice-form, very slow
A: large, distributed training, strong nose
a: End Transformation, Bend Time, Renounce Religion


You were on level 8 of the Dungeon.
You worshipped Cheibriados.
Cheibriados was aware of your devotion.
You were not hungry.
You were a creature of crystalline ice.
You visited 2 branches of the dungeon, and saw 9 of its levels.

You collected 264 gold pieces.
You spent 67 gold pieces at shops.

Inventory:

Missiles
 a - 41 arrows
 f - 3 throwing nets (quivered) {!f}
 o - 2 tomahawks
 q - 18 sling bullets
Armour
 b - a +0 robe
 c - a +0 ring mail
 t - the +5 chain mail of Leapfrog {rCorr Int-2 Dex+2, unknown}
   (You found it on level 7 of the Dungeon)

   It affects your intelligence (-2).
   It affects your dexterity (+2).
   It provides partial protection from all sources of acid and corrosion.
 w - the cursed +0 robe "Ulenouxt" {*Corrode Str+2 Int+8 Slay+2}
   (You took it off an orc on level 7 of the Dungeon)

   It affects your strength (+2).
   It affects your intelligence (+8).
   It affects your accuracy and damage with ranged weapons and melee attacks
   (+2).
   It may corrode you when you take damage.
   It has a curse placed upon it.
 x - a +0 helmet
 B - a +3 leather armour (melded)
Jewellery
 m - an amulet of the acrobat (around neck)
   (You found it on level 6 of the Dungeon)
 K - a ring of resist corrosion (right front paw)
   (You found it on level 4 of the Dungeon)
 V - a cursed +5 ring of evasion (left front paw)
   (You found it on level 2 of the Dungeon)
Wands
 h - a wand of polymorph (9)
 n - a wand of random effects (6)
Scrolls
 e - 2 scrolls of magic mapping
 i - 2 scrolls of identify
 l - a scroll of fog
 p - 4 scrolls of enchant armour
 r - 4 scrolls of remove curse
 s - a scroll of amnesia
 u - a scroll of blinking
Potions
 g - 2 potions of heal wounds
 j - a potion of magic
 k - 2 potions of curing
 v - a potion of lignification {unknown}
Comestibles
 d - 8 rations


   Skills:
 + Level 5.1 Fighting
 + Level 4.3 Short Blades
 + Level 4.3 Long Blades
 + Level 4.3 Axes
 + Level 4.3 Maces & Flails
 + Level 4.3 Polearms
 + Level 4.3 Staves
 + Level 4.3 Slings
 + Level 4.3 Bows
 + Level 4.3 Crossbows
 + Level 4.3 Throwing
 + Level 4.3 Armour
 + Level 6.3 Dodging
 + Level 4.3 Stealth
 + Level 4.3 Shields
 + Level 7.9 Unarmed Combat
 + Level 6.6 Spellcasting
 + Level 3.5 Conjurations
 + Level 3.5 Hexes
 + Level 3.5 Charms
 + Level 3.5 Summonings
 + Level 3.5 Necromancy
 + Level 3.5 Translocations
 + Level 5.2 Transmutations
 + Level 3.5 Fire Magic
 + Level 3.5 Ice Magic
 + Level 3.5 Air Magic
 + Level 3.5 Earth Magic
 + Level 3.5 Poison Magic
 + Level 4.7 Invocations
 + Level 4.3 Evocations


You had 11 spell levels left.
You knew the following spells:

 Your Spells              Type           Power        Failure   Level  Hunger
e - Beastly Appendage     Tmut           ####..       1%          1    None
i - Ice Form              Ice/Tmut       ####....     14%         4    ###....
k - Sticks to Snakes      Tmut           ####....     1%          2    None
p - Spider Form           Tmut/Pois      ####......   4%          3    #......

Your spell library contained the following spells:

 Spells                   Type           Power        Failure   Level  Hunger
 Magic Dart               Conj           ###.         1%          1    None
 Searing Ray              Conj           ###...       3%          2    None
 Dazzling Spray           Conj/Hex       ###...       6%          3    #......
 Force Lance              Conj/Tloc      ###.....     21%         4    ###....
 Fulminant Prism          Conj/Hex       ###.......   21%         4    ###....
 Iskenderun's Mystic Bla  Conj           ###.....     21%         4    ###....
 Blade Hands              Tmut           ####......   26%         5    #####..


Dungeon Overview and Level Annotations

Branches:
Dungeon (8/15)             Temple (1/1) D:7
   Lair: D:8-11

Altars:
Cheibriados
Elyvilon
Kikubaaqudgha
Nemelex Xobeh
Okawaru
Qazlal
Vehumet
Xom
Zin

Shops:
D:8 *

Annotations:
D:4 2 transporters, matthes123's ghost, novice FoFi


Innate Abilities, Weirdness & Mutations

Your experience applies equally to all skills.
((You have very sharp teeth.))
Your uncanny sense of smell can sniff out nearby items.


Message History

Confirm with . or Enter, or press ? or * to list all spells.
You create 2 snakes!
You now have 41 arrows.
The killer bee barely misses you. The killer bee misses you.
The crimson imp barely misses you. The killer bee misses you.
The crocodile bites you!
* * * LOW HITPOINT WARNING * * *
The killer bee barely misses you.
Unknown command.
Unknown command.
You punch the killer bee! You freeze the killer bee.
The killer bee is heavily wounded.
The crocodile is no longer moving slowly.
The killer bee stings you.
* * * LOW HITPOINT WARNING * * *
The killer bee stings you!
* * * LOW HITPOINT WARNING * * *
The crimson imp barely misses you. The killer bee misses you.
Your ball python closely misses the killer bee.
Your ball python completely misses the killer bee.
The killer bee stings you but does no damage.
You barely miss the crocodile.
The crocodile is severely wounded.
The killer bee stings your ball python.
Your ball python dies!
The killer bee stings you but does no damage.
The killer bee stings you.
* * * LOW HITPOINT WARNING * * *
The crocodile bites you!
* * * LOW HITPOINT WARNING * * *
The crimson imp misses you.
Your ball python bites the killer bee but does no damage.
Your ball python barely misses the killer bee.
The killer bee misses you.
You feel much better. The killer bee closely misses you.
The killer bee barely misses you. x2; The killer bee stings you.
* * * LOW HITPOINT WARNING * * *
The crocodile closely misses you. The crimson imp closely misses you.
The killer bee completely misses you.
Your ball python completely misses the killer bee.
Your ball python grabs the killer bee.
Your ball python constricts the killer bee.
The killer bee stings you but does no damage.
Unknown command.
Unknown command.
You punch the killer bee! You freeze the killer bee.
The killer bee is almost dead.
The killer bee barely misses you. x2; The killer bee completely misses you.
The killer bee misses you. The crocodile barely misses you.
The crimson imp misses you.
Your ball python closely misses the killer bee.
Your ball python constricts the killer bee.
The killer bee stings you!
* * * LOW HITPOINT WARNING * * *
You punch the crocodile!
The crocodile seems to slow down.
You freeze the crocodile.
You kill the crocodile!
The killer bee closely misses you. The killer bee completely misses you.
The killer bee closely misses you. The killer bee misses you.
Your ball python bites the killer bee but does no damage.
Your ball python constricts the killer bee.
The killer bee closely misses you.
The crimson imp blinks!
The killer bee barely misses you.
Unknown command.
You punch the killer bee! You freeze the killer bee.
You kill the killer bee!
Cheibriados thoroughly appreciates the change of pace.
The killer bee stings you.
* * * LOW HITPOINT WARNING * * *
You are poisoned.
The killer bee poisons you! The killer bee completely misses you.
The killer bee stings you.
* * * LOW HITPOINT WARNING * * *
The killer bee stings you.
* * * LOW HITPOINT WARNING * * *
Unknown command.
You closely miss the killer bee.
The killer bee is heavily wounded.
You feel sick. The killer bee closely misses you.
Your ball python closely misses the killer bee.
Your ball python completely misses the killer bee.
The killer bee closely misses you. The crimson imp hits you.
* * * LOW HITPOINT WARNING * * *
The killer bee barely misses you.
You feel better. The killer bee misses you.
The killer bee completely misses you.
Your ball python closely misses the killer bee.
Your ball python misses the killer bee.
The killer bee completely misses you.
The crimson imp blinks!
The killer bee closely misses you.
Your ball python misses the killer bee.
Your ball python completely misses the killer bee.
You barely miss the killer bee. The killer bee barely misses you.
The killer bee closely misses you. x2
Your ball python closely misses the killer bee.
Your ball python barely misses the killer bee.
Unknown command.
You closely miss the killer bee.
The killer bee is heavily wounded.
The killer bee misses you. The killer bee stings you.
* * * LOW HITPOINT WARNING * * *
The killer bee stings you!
You die...

#.. .........#.###...#
.#..##.....##).......##
..5....#.####........#
...... #####<.........
......###.##.###...#..
..............#....#
.......∩.............
......†.y#........#.##
......SY........##..#
##....y†####....# ###
#......# #....#
#....... .....#
.....#..# ...##
#.####.## ..# ## #. ..


You could see 2 killer bees, a crimson imp and a friendly ball python.

Vanquished Creatures
  Pikel (D:6)
  Joseph (D:7)
  Duvessa (D:4)
  2 slaves (D:6)
  An ice beast (D:5)
  A black bear (D:6)
  A phantom (D:8)
  2 centaurs
  An ogre (D:6)
  A crocodile (D:8)
  2 bullfrogs
  Dowan (D:4)
  4 killer bees (D:8)
  4 crimson imps
  2 hounds
  A jelly (D:7)
  6 orc wizards
  Ijyb (D:3)
  3 worker ants
  A killer bee zombie (D:6)
  A hound skeleton (D:6)
  A worker ant zombie (D:8)
  3 adders
  5 gnolls
  A shadow imp (D:6)
  An ooze (D:4)
  An adder skeleton (D:6)
  A worm (D:3)
  3 dart slugs
  3 leopard geckos
  10 orcs
  A ball python (D:6)
  4 bats
  A giant cockroach (D:3)
  6 goblins
  3 hobgoblins
  5 jackals
  2 kobolds (D:1)
  3 quokkas
  4 frilled lizards
  4 rats
100 creatures vanquished.

Vanquished Creatures (collateral kills)
  A phantom (D:6)
  An ogre (D:7)
  A crimson imp (D:8)
  2 gnolls (D:4)
  An orc (D:6)
  A hobgoblin (D:3)
  A jackal (D:7)
  A frilled lizard (D:2)
9 creatures vanquished.

Vanquished Creatures (others)
  An orc (D:6)
1 creature vanquished.

Grand Total: 110 creatures vanquished

Notes
Turn   | Place    | Note
-------+----------+-------------------------------------------
     0 | D:1      | tidbits the Gnoll Transmuter began the quest for the Orb.
     0 | D:1      | Reached XP level 1. HP: 17/17 MP: 6/6
    36 | D:1      | Reached XP level 2. HP: 11/23 MP: 5/7
    40 | D:1      | Learned a level 2 spell: Sticks to Snakes
    86 | D:1      | HP: 4/23 [goblin/+0 club (2)]
   243 | D:1      | Reached XP level 3. HP: 14/28 MP: 7/9
   248 | D:1      | Learned a level 3 spell: Spider Form
   306 | D:2      | Reached skill level 5 in Spellcasting
   482 | D:5      | Entered Level 5 of the Dungeon
   544 | D:4      | Reached skill level 1 in Invocations
   552 | D:4      | Noticed matthes123's ghost (novice FoFi)
   555 | D:4      | Found a transporter.
   563 | D:4      | Found a transporter.
   651 | D:3      | Reached skill level 1 in Short Blades
   651 | D:3      | Reached skill level 1 in Long Blades
   651 | D:3      | Reached skill level 1 in Axes
   651 | D:3      | Reached skill level 1 in Maces & Flails
   651 | D:3      | Reached skill level 1 in Polearms
   651 | D:3      | Reached skill level 1 in Staves
   651 | D:3      | Reached skill level 1 in Slings
   651 | D:3      | Reached skill level 1 in Bows
   651 | D:3      | Reached skill level 1 in Crossbows
   651 | D:3      | Reached skill level 1 in Throwing
   651 | D:3      | Reached skill level 1 in Armour
   651 | D:3      | Reached skill level 1 in Stealth
   651 | D:3      | Reached skill level 1 in Shields
   651 | D:3      | Reached skill level 1 in Evocations
   683 | D:3      | Reached XP level 4. HP: 32/34 MP: 7/11
   710 | D:3      | Noticed Ijyb
   722 | D:3      | Killed Ijyb
   742 | D:3      | Learned a level 4 spell: Ice Form
   841 | D:3      | Reached skill level 1 in Conjurations
   841 | D:3      | Reached skill level 1 in Hexes
   841 | D:3      | Reached skill level 1 in Charms
   841 | D:3      | Reached skill level 1 in Summonings
   841 | D:3      | Reached skill level 1 in Necromancy
   841 | D:3      | Reached skill level 1 in Translocations
   841 | D:3      | Reached skill level 1 in Fire Magic
   841 | D:3      | Reached skill level 1 in Ice Magic
   841 | D:3      | Reached skill level 1 in Air Magic
   841 | D:3      | Reached skill level 1 in Earth Magic
   841 | D:3      | Reached skill level 1 in Poison Magic
   937 | D:4      | Noticed Dowan
   945 | D:4      | Noticed Duvessa
   947 | D:4      | Killed Dowan
   947 | D:4      | Reached XP level 5. HP: 32/40 MP: 4/12
   952 | D:4      | Reached skill level 3 in Fighting
   968 | D:4      | Killed Duvessa
   968 | D:4      | Reached skill level 4 in Transmutations
   968 | D:4      | Reached skill level 2 in Invocations
   968 | D:4      | Reached XP level 6. HP: 47/47 MP: 4/13
   977 | D:4      | Reached skill level 5 in Dodging
   997 | D:4      | Reached skill level 2 in Short Blades
   997 | D:4      | Reached skill level 2 in Long Blades
   997 | D:4      | Reached skill level 2 in Axes
   997 | D:4      | Reached skill level 2 in Maces & Flails
   997 | D:4      | Reached skill level 2 in Polearms
   997 | D:4      | Reached skill level 2 in Staves
   997 | D:4      | Reached skill level 2 in Slings
   997 | D:4      | Reached skill level 2 in Bows
   997 | D:4      | Reached skill level 2 in Crossbows
   997 | D:4      | Reached skill level 2 in Throwing
   997 | D:4      | Reached skill level 2 in Armour
   997 | D:4      | Reached skill level 2 in Stealth
   997 | D:4      | Reached skill level 2 in Shields
   997 | D:4      | Reached skill level 2 in Evocations
  1066 | D:6      | Noticed a phantom
  1087 | D:6      | Killed a phantom
  1087 | D:6      | Reached XP level 7. HP: 39/52 MP: 9/15
  1122 | D:6      | Reached skill level 7 in Unarmed Combat
  1135 | D:6      | Noticed Pikel
  1151 | D:6      | Reached skill level 2 in Conjurations
  1151 | D:6      | Reached skill level 2 in Hexes
  1151 | D:6      | Reached skill level 2 in Charms
  1151 | D:6      | Reached skill level 2 in Summonings
  1151 | D:6      | Reached skill level 2 in Necromancy
  1151 | D:6      | Reached skill level 2 in Translocations
  1151 | D:6      | Reached skill level 2 in Fire Magic
  1151 | D:6      | Reached skill level 2 in Ice Magic
  1151 | D:6      | Reached skill level 2 in Air Magic
  1151 | D:6      | Reached skill level 2 in Earth Magic
  1151 | D:6      | Reached skill level 2 in Poison Magic
  1163 | D:6      | Killed Pikel
  1163 | D:6      | Reached skill level 4 in Fighting
  1163 | D:6      | Reached skill level 3 in Short Blades
  1163 | D:6      | Reached skill level 3 in Long Blades
  1163 | D:6      | Reached skill level 3 in Axes
  1163 | D:6      | Reached skill level 3 in Maces & Flails
  1163 | D:6      | Reached skill level 3 in Polearms
  1163 | D:6      | Reached skill level 3 in Staves
  1163 | D:6      | Reached skill level 3 in Slings
  1163 | D:6      | Reached skill level 3 in Bows
  1163 | D:6      | Reached skill level 3 in Crossbows
  1163 | D:6      | Reached skill level 3 in Throwing
  1163 | D:6      | Reached skill level 3 in Armour
  1163 | D:6      | Reached skill level 3 in Stealth
  1163 | D:6      | Reached skill level 3 in Shields
  1163 | D:6      | Reached skill level 3 in Invocations
  1163 | D:6      | Reached skill level 3 in Evocations
  1163 | D:6      | Reached XP level 8. HP: 35/60 MP: 7/16
  1223 | D:5      | Reached skill level 6 in Spellcasting
  1574 | D:7      | Found a staircase to the Ecumenical Temple.
  1579 | D:7      | Got an ichor-stained chain mail
  1580 | D:7      | Noticed Joseph
  1584 | Temple   | Entered the Ecumenical Temple
  1596 | Temple   | Became a worshipper of Cheibriados the Contemplative
  1627 | D:7      | Killed Joseph
  1627 | D:7      | Reached skill level 6 in Dodging
  1627 | D:7      | Reached skill level 3 in Conjurations
  1627 | D:7      | Reached skill level 3 in Hexes
  1627 | D:7      | Reached skill level 3 in Charms
  1627 | D:7      | Reached skill level 3 in Summonings
  1627 | D:7      | Reached skill level 3 in Necromancy
  1627 | D:7      | Reached skill level 3 in Translocations
  1627 | D:7      | Reached skill level 5 in Transmutations
  1627 | D:7      | Reached skill level 3 in Fire Magic
  1627 | D:7      | Reached skill level 3 in Ice Magic
  1627 | D:7      | Reached skill level 3 in Air Magic
  1627 | D:7      | Reached skill level 3 in Earth Magic
  1627 | D:7      | Reached skill level 3 in Poison Magic
  1627 | D:7      | Reached skill level 4 in Invocations
  1627 | D:7      | Reached XP level 9. HP: 28/66 MP: 14/18
  1709 | D:7      | Reached skill level 4 in Short Blades
  1709 | D:7      | Reached skill level 4 in Long Blades
  1709 | D:7      | Reached skill level 4 in Axes
  1709 | D:7      | Reached skill level 4 in Maces & Flails
  1709 | D:7      | Reached skill level 4 in Polearms
  1709 | D:7      | Reached skill level 4 in Staves
  1709 | D:7      | Reached skill level 4 in Slings
  1709 | D:7      | Reached skill level 4 in Bows
  1709 | D:7      | Reached skill level 4 in Crossbows
  1709 | D:7      | Reached skill level 4 in Throwing
  1709 | D:7      | Reached skill level 4 in Armour
  1709 | D:7      | Reached skill level 4 in Stealth
  1709 | D:7      | Reached skill level 4 in Shields
  1709 | D:7      | Reached skill level 4 in Evocations
  1764 | D:7      | Identified the cursed +0 robe "Ulenouxt" {*Corrode Str+2
                  | Int+8 Slay+2}
  1811 | D:8      | Reached * piety under Cheibriados
  1836 | D:8      | Found Coihaxkod's General Store.
  1842 | D:8      | Bought a +0 helmet for 67 gold pieces
  1843 | D:8      | Reached skill level 5 in Fighting
  1859 | D:8      | HP: 16/81 [killer bee (3)]
  1859 | D:8      | HP: 7/81 [crocodile (9)]
  1864 | D:8      | HP: 7/81 [poisoned by a killer bee]
  1867 | D:8      | Slain by a killer bee

Skill      XL: |  1  2  3  4  5  6  7  8  9 |
---------------+----------------------------+-----
Spellcasting   | 5 6 |  6.6
Invocations    | 1 2 3 4 |  4.7
Short Blades   | 1 2 3 4 |  4.3
Long Blades    | 1 2 3 4 |  4.3
Axes           | 1 2 3 4 |  4.3
Maces & Flails | 1 2 3 4 |  4.3
Polearms       | 1 2 3 4 |  4.3
Staves         | 1 2 3 4 |  4.3
Slings         | 1 2 3 4 |  4.3
Bows           | 1 2 3 4 |  4.3
Crossbows      | 1 2 3 4 |  4.3
Throwing       | 1 2 3 4 |  4.3
Armour         | 1 2 3 4 |  4.3
Stealth        | 1 2 3 4 |  4.3
Shields        | 1 2 3 4 |  4.3
Evocations     | 1 2 3 4 |  4.3
Conjurations   | 1 2 3 |  3.5
Hexes          | 1 2 3 |  3.5
Charms         | 1 2 3 |  3.5
Summonings     | 1 2 3 |  3.5
Necromancy     | 1 2 3 |  3.5
Translocations | 1 2 3 |  3.5
Fire Magic     | 1 2 3 |  3.5
Ice Magic      | 1 2 3 |  3.5
Air Magic      | 1 2 3 |  3.5
Earth Magic    | 1 2 3 |  3.5
Poison Magic   | 1 2 3 |  3.5
Fighting       | 3 4 5 |  5.1
Transmutations | 4 5 |  5.2
Dodging        | 5 6 |  6.3
Unarmed Combat | 7 |  7.9

Action                   |  1- 3 |  4- 6 |  7- 9 || total
-------------------------+-------+-------+-------++-------
Melee: Unarmed           |    84 |    69 |   161 ||   314
       Bite              |     4 |     1 |     1 ||     6
       Headbutt          |     4 |       |       ||     4
       Punch             |     2 |       |       ||     2
 Cast: Beastly Appendage |     8 |       |       ||     8
       Sticks to Snakes  |     3 |     5 |    13 ||    21
       Spider Form       |     7 |     7 |     8 ||    22
       Ice Form          |       |       |     7 ||     7
Evoke: Wand              |       |       |     1 ||     1
  Use: Scroll            |     4 |     2 |     5 ||    11
       Potion            |       |     6 |     3 ||     9
 Stab: Sleeping          |     1 |       |       ||     1
       Distracted        |       |     3 |     2 ||     5
  Eat: Ration            |     1 |       |     2 ||     3
Armor: Robe              |     4 |       |       ||     4
       Skin              |     2 |       |    14 ||    16
       Leather armour    |       |     1 |       ||     1
Dodge: Dodged            |    76 |    80 |   269 ||   425

Table legend:
 A = Turns spent in this place as a percentage of turns spent in the entire game.
 B = Non-inter-level travel turns spent in this place as a percentage of non-inter-level travel turns spent in the entire game.
 C = Inter-level travel turns spent in this place as a percentage of turns spent in this place.
 D = Turns resting spent in this place as a percentage of non-inter-level travel turns spent in this place.
 E = Turns spent auto-exploring this place as a percentage of non-inter-level travel turns spent in this place.
 F = Non-inter-level travel turns spent in this place divided by the number of levels of this place that you've seen.
                   A       B       C       D       E      F
               +-------+-------+-------+-------+-------+----------------------
         Total | 100.0 | 100.0 |   3.3 |   0.0 |   0.0 | 200.6
       Dungeon |  98.6 |  98.5 |   3.4 |   0.0 |   0.0 | 222.2
        Temple |   1.4 |   1.5 |   0.0 |   0.0 |   0.0 |  27.0
               +-------+-------+-------+-------+-------+----------------------

Table legend:
 A = Kills in this place as a percentage of kills in entire the game.
 B = Kills by you in this place as a percentage of kills by you in the entire game.
 C = Kills by friends in this place as a percentage of kills by friends in the entire game.
 D = Other kills in this place as a percentage of other kills in the entire game.
 E = Experience gained in this place as a percentage of experience gained in the entire game.
 F = Experience gained in this place divided by the number of levels of this place that you have seen.
                   A       B       C       D       E      F
               +-------+-------+-------+-------+-------+----------------------
         Total | 100.0 | 100.0 | 100.0 |   N/A | 100.0 | 406.4
       Dungeon | 100.0 | 100.0 | 100.0 |   N/A | 100.0 | 457.2
               +-------+-------+-------+-------+-------+----------------------

Levels and vault maps discovered:
D:1:      wander_arrival_chamber, layout_rooms, minmay_cupped
D:2:      layout_basic, grunt_ministairs_7, kennysheep_generic_room_4
D:3:      minmay_recursive_quarters, layout_loops_ring,
          wander_ebering_terrifying_dragon_lair, uniq_sigmund, uniq_ijyb
D:4:      layout_cave_pools, first_ration, gammafunk_ghost_arena, uniq_duvessa
D:5:      layout_basic, chequers_serial_rivers_small_a
D:6:      layout_basic, hangedman_abyss_or_decor_passed, minmay_microvault,
          uniq_pikel
D:7:      layout_rooms, minmay_temple_entry_water_ring, uniq_harold, uniq_joseph
D:8:      layout_cave_pools, serial_shops, shop
Temple:   nicolae_temple_the_god_donut
